 Dungeon Crawl Stone Soup version 0.18-a0-1521-g59d19af (webtiles) character file.

714 Ijustatesigmund the Insei (level 7, -2/49 HPs)
             Began as an Octopode Transmuter on Mar 7, 2016.
             Was a Follower of Makhleb.
             Slain by a sky beast (6 damage)
             ... on level 6 of the Dungeon.
             The game lasted 00:13:11 (4702 turns).

Ijustatesigmund the Insei (Octopode Transmuter)     Turns: 4702, Time: 00:13:11

Health: -2/49      AC:  2    Str:  9    XL:     7   Next: 69%
Magic:  8/11       EV: 12    Int: 17    God:    Makhleb [*.....]
Gold:   244        SH:  0    Dex: 13    Spells: 3 memorised, 6 levels left

rFire  . . .     SeeInvis .       - Unarmed
rCold  . . .     Gourm    .     (no shield)
rNeg   . . .     Faith    .     (helmet restricted)
rPois  .         Spirit   .     (no amulet)
rElec  .         Dismiss  .     f - +1 ring of protection
rCorr  .         Reflect  .     (no ring)
SustAt .         Harm     .     (no ring)
MR     .....                    (no ring)
Stlth  ++........               (no ring)
                                (no ring)
                                (no ring)
                                (no ring)

@: appendage, not resistant to hostile enchantments, unstealthy
A: almost no armour, amphibious, 8 rings, constrict 8, tentacle spike 3,
camouflage 1, gelatinous body 1
a: End Transformation, Renounce Religion


You were on level 6 of the Dungeon.
You worshipped Makhleb.
Makhleb was aware of your devotion.
You were hungry.
One of your tentacles had a temporary spike.
You visited 2 branches of the dungeon, and saw 7 of its levels.

You collected 244 gold pieces.

Inventory:

Missiles
 a - 47 arrows
 x - 4 javelins (quivered)
 y - 9 arrows of dispersal
 A - 14 arrows of frost
Jewellery
 f - a +1 ring of protection (left tentacle)
 s - an uncursed ring of fire
Wands
 i - a wand of paralysis (7/24)
 k - a wand of random effects (28/48)
 u - a wand of lightning (0/15)
Scrolls
 d - a scroll of enchant armour
 e - 4 scrolls of amnesia
 q - 2 scrolls of remove curse
 r - a scroll of blinking
Potions
 h - 2 potions of brilliance
 j - 2 potions of flight
 m - 3 potions of lignification
 n - 4 potions of curing {unknown}
 p - 2 potions of berserk rage {unknown}
 v - a potion of might {unknown}
 w - a potion of mutation {unknown}
 z - a potion of agility {unknown}
Books
 b - a book of Changes

   Spells                             Type                      Level
   a - Beastly Appendage              Transmutation                1
   b - Sticks to Snakes               Transmutation                2
   c - Spider Form                    Transmutation/Poison         3
   d - Ice Form                       Ice/Transmutation            4
   e - Blade Hands                    Transmutation                5
Comestibles
 c - 7 bread rations
 g - 4 meat rations
 t - 4 fruits


   Skills:
 + Level 4.7 Fighting
 - Level 2.0 Dodging
 - Level 5.0 Unarmed Combat
 + Level 3.1 Spellcasting
 + Level 3.6 Transmutations
 - Level 2.7 Poison Magic
 + Level 1.6 Invocations


You had 6 spell levels left.
You knew the following spells:

 Your Spells              Type           Power        Failure   Level  Hunger
a - Beastly Appendage     Trmt           ##....       4%          1    None
b - Sticks to Snakes      Trmt           ##......     10%         2    ##.....
c - Spider Form           Trmt/Pois      ##........   17%         3    ###....


Dungeon Overview and Level Annotations

Branches:
Dungeon (6/15)             Temple (1/1) D:4

Altars:
Ashenzari
Dithmenos
Elyvilon
Fedhas
Kikubaaqudgha
Makhleb
Nemelex Xobeh
Okawaru
Trog
Vehumet
Xom
Zin
The Shining One

Annotations:
D:6 PeterLawrence's ghost, novice MiFi


Innate Abilities, Weirdness & Mutations

You cannot wear most types of armour.
You are amphibious.
You can wear up to eight rings at the same time.
You can use your tentacles to constrict eight enemies at once.
Your skin changes colour to match your surroundings (Stealth).
Your rubbery body absorbs attacks (AC +1).
One of your tentacles bears a large vicious spike.


Message History

Your tentacle spike misses something.
Something barely misses you.
You barely miss something.
Your tentacle-slap misses something.
The sky beast flickers out of sight!
Something hits you.
You closely miss something.
You pierce something.
Something hits you. Something shocks you. Something hits you.
Evoke which item? (* to show all) (? for menu, Esc to quit)
Zapping:
u - a wand of lightning {zapped: 5} (will waste charges)
Press: ? - help, Shift-Dir - straight line Nothing appears to happen.
Something hits you. Something shocks you. Something hits you.
You closely miss something. You tentacle-slap something.
Your squeeze misses something. Something hits you.
* * * LOW HITPOINT WARNING * * *
Something shocks you.
* * * LOW HITPOINT WARNING * * *
Something hits you but does no damage.
You barely miss something. Something hits you.
* * * LOW HITPOINT WARNING * * *
Something shocks you.
You die...

######### #
#.......#.#
#?....#.#.###
###......_.....
.........#.####
.....#..#))....#
...o.##.#<####.#
..(.
#..{####.#.# ...
####@{...... ...
+........
#....#... #....#
. .....# .#####
. #.


There were no monsters in sight!

Vanquished Creatures
  2 centaurs (D:5)
  A howler monkey (D:5)
  A crimson imp (D:5)
  A quasit (D:5)
  A gnoll shaman (D:4)
  An orc priest (D:3)
  A hound (D:5)
  4 orc wizards
  Jessica (D:2)
  An iguana (D:5)
  A worker ant (D:5)
  3 adders
  3 gnolls (D:4)
  A shadow imp (D:5)
  3 oozes
  An adder skeleton (D:4)
  A giant gecko (D:3)
  13 orcs
  8 giant cockroaches
  10 goblins
  8 hobgoblins
  7 kobolds
  A ball python (D:3)
  7 bats
  6 giant newts
  A jackal skeleton (D:5)
  12 rats
100 creatures vanquished.

Vanquished Creatures (collateral kills)
  2 gnolls (D:4)
2 creatures vanquished.

Vanquished Creatures (others)
  A butterfly (D:3)
1 creature vanquished.

Grand Total: 103 creatures vanquished

Notes
Turn   | Place    | Note
--------------------------------------------------------------
     0 | D:1      | Ijustatesigmund the Octopode Transmuter began the quest for the Orb.
     0 | D:1      | Reached XP level 1. HP: 13/13 MP: 3/3
   265 | D:1      | Reached XP level 2. HP: 19/19 MP: 5/5
   274 | D:1      | Learned a level 2 spell: Sticks to Snakes
   639 | D:1      | Reached XP level 3. HP: 22/25 MP: 6/6
   647 | D:1      | Learned a level 3 spell: Spider Form
   926 | D:2      | Noticed Jessica
   932 | D:2      | Killed Jessica
   932 | D:2      | Reached skill level 1 in Poison Magic
   932 | D:2      | Reached XP level 4. HP: 18/30 MP: 5/7
  1053 | D:2      | Found a bloodstained altar of Trog.
  1060 | D:2      | Found a shattered altar of Ashenzari.
  2032 | D:3      | Found a shimmering altar of Xom.
  2143 | D:3      | Reached XP level 5. HP: 26/36 MP: 8/8
  2180 | D:3      | Reached skill level 4 in Unarmed Combat
  2188 | D:3      | Found a sparkling altar of Nemelex Xobeh.
  2636 | D:3      | Found a glowing silver altar of Zin.
  2637 | D:3      | Noticed an angel
  2729 | D:3      | Found a white marble altar of Elyvilon.
  2928 | D:4      | Found a staircase to the Ecumenical Temple.
  2941 | Temple   | Entered the Ecumenical Temple
  3026 | Temple   | Became a worshipper of Makhleb the Destroyer
  3157 | D:4      | Found a radiant altar of Vehumet.
  3204 | D:4      | Reached XP level 6. HP: 42/42 MP: 3/9
  3925 | D:5      | Entered Level 5 of the Dungeon
  4187 | D:5      | Reached XP level 7. HP: 46/48 MP: 8/11
  4260 | D:5      | Reached * piety under Makhleb
  4289 | D:5      | Reached skill level 5 in Unarmed Combat
  4331 | D:5      | Reached skill level 1 in Invocations
  4672 | D:6      | Found a blossoming altar of Fedhas.
  4678 | D:6      | Noticed PeterLawrence's ghost (novice MiFi)
  4702 | D:6      | Slain by a sky beast

Vault maps used:
D:1:      ncdulo_wetmaze, minmay_misc_feat_encased
D:2:      grunt_temple_overflow_open, first_bread, st_stairs_8, uniq_jessica
D:3:      elyvilon_altar_4, nemelex_xobeh_ov_fountains_minmay, zin_angel,
          xom_butterflies
D:4:      kennysheep_mini, nicolae_overflow_hidden_temple,
          minmay_temple_entry_statues_pillars
D:5:      grunt_ministairs_2
D:6:      minmay_opposing_rooms, old_standard_altar, lemuel_crystal_altar,
          yredelemnul_altar_generic, nicolae_ru_sacrificial_ziggurat,
          nicolae_qazlal_eye_of_the_storm
Temple:   nicolae_temple_hex_pool_5

Skill      XL: |  1  2  3  4  5  6  7 |
---------------+----------------------+-----
Fighting       | 2 3 4 |  4.7
Poison Magic   | 1 2 |  2.7
Unarmed Combat | 4 5 |  5.0
Transmutations | 3 |  3.6
Spellcasting   | 3 |  3.1
Invocations    | 1 |  1.6
Dodging        | |  2.0

Action                   |  1- 3 |  4- 6 |  7- 9 || total
-------------------------+-------+-------+-------++-------
Melee: Unarmed           |    50 |   144 |    47 ||   241
Throw: Javelin           |       |     6 |     3 ||     9
 Cast: Beastly Appendage |     1 |    14 |     5 ||    20
       Sticks to Snakes  |       |     4 |     2 ||     6
Evoke: Wand              |       |     7 |     1 ||     8
  Use: Scroll            |     8 |     5 |     2 ||    15
       Potion            |     1 |     1 |       ||     2
 Stab: Sleeping          |     1 |     8 |     2 ||    11
       Distracted        |     1 |       |       ||     1
       Paralysed         |       |     8 |     3 ||    11
  Eat: Chunk             |       |     7 |     1 ||     8
       Fruit             |       |     3 |       ||     3
       Pizza             |       |     1 |       ||     1
